 Dungeon Crawl Stone Soup version 0.28.0-53-g5a82cb258f (webtiles) character file.

Game seed: 4807874304173845452

879 safid the Cleaver (level 8, 0/66 HPs)
             Began as a Hill Orc Fighter on Aug 16, 2022.
             Succumbed to Dowan's poison
             ... on level 5 of the Dungeon.
             The game lasted 00:06:38 (5660 turns).

safid the Cleaver (Hill Orc Fighter)                Turns: 5660, Time: 00:06:39

Health: 0/66       AC:  9    Str: 21    XL:     8   Next: 5%
Magic:  8/8        EV:  7    Int:  8    God:
Gold:   402        SH:  4    Dex: 10    Spells: 7/7 levels left

rFire   . . .      SeeInvis .   a - +0 war axe
rCold   . . .      Faith    .   c - +0 buckler
rNeg    . . .      Spirit   .   f - +0 chain mail
rPois   .          Reflect  .   (no helmet)
rElec   .          Harm     .   (no cloak)
rCorr   .          Rampage  .   (no gloves)
Will    .....                   (no boots)
Stlth   ..........              (no amulet)
HPRegen 0.21/turn               (no ring)
MPRegen 0.11/turn               (no ring)

@: mighty, lethally poisoned (0 -> -10)
A: no striking features
a: no special abilities


You were on level 5 of the Dungeon.
You visited 1 branch of the dungeon, and saw 5 of its levels.
You also visited: Ossuary.

You collected 402 gold pieces.

Inventory:

Hand Weapons
 a - a +0 war axe (weapon)
Missiles
 n - 16 poisoned darts (quivered)
Armour
 c - a +0 buckler (worn)
 f - a +0 chain mail (worn)
Wands
 x - a wand of flame (29)
Scrolls
 b - a scroll of vulnerability {unknown}
 e - 5 scrolls of teleportation {unknown}
 g - a scroll of torment {unknown}
 h - a scroll of silence {unknown}
 i - 4 scrolls of blinking {unknown}
 k - 3 scrolls of enchant weapon {unknown}
 l - 6 scrolls of identify {unknown}
 s - a scroll of fear {unknown}
 u - 2 scrolls of acquirement {unknown}
 y - 2 scrolls of noise {unknown}
Potions
 j - 3 potions of curing {unknown}
 m - 3 potions of brilliance {unknown}
 o - 3 potions of resistance {unknown}
 p - a potion of ambrosia {unknown}
 q - a potion of degeneration {unknown}
 r - 4 potions of attraction {unknown}
 t - a potion of invisibility {unknown}
 v - a potion of haste {unknown}
 w - a potion of mutation {unknown}
 z - a potion of heal wounds {unknown}


   Skills:
 - Level 4.0 Fighting
 + Level 11.0 Axes
 - Level 4.0 Armour
 - Level 4.0 Shields


You had 7 spell levels left.
You didn't know any spells.
Your spell library contained the following spells:

 Spells                   Type           Power      Damage    Failure   Level
 Animate Skeleton         Necr           0%         N/A       99%         1
 Apportation              Tloc           0%         N/A       99%         1
 Magic Dart               Conj           0%         1d3       99%         1
 Pain                     Necr           0%         1d4       99%         1
 Summon Small Mammal      Summ           0%         N/A       99%         1
 Call Imp                 Summ           0%         N/A       100%        2
 Mephitic Cloud           Conj/Pois/Air  0%         N/A       100%        3
 Vampiric Draining        Necr           0%         2d6       100%        3
 Fireball                 Conj/Fire      0%         3d3       100%        5
 Iskenderun's Battlesphe  Conj           0%         2d6       100%        5
 Conjure Ball Lightning   Conj/Air       0%         3x3d6     100%        6
 Orb of Destruction       Conj           0%         9d5       100%        7


Dungeon Overview and Level Annotations

Branches:
Dungeon (5/15)            Ossuary (visited)
 Temple: D:4-7

Altars:
Gozag

Annotations:
D:5 Dowan, Duvessa


Message History

Duvessa is lightly wounded.
You miss Dowan.
You feel very sick.
Dowan says, "My weaknesses are her strengths!"
Dowan casts a spell at you. The puff of flame hits you.
Duvessa hits you but does no damage.
You slash Duvessa!
Duvessa is heavily wounded.
You hit Dowan.
You feel sick. Dowan barely misses you. Duvessa barely misses you.
Unknown command.
You closely miss Duvessa.
Duvessa is heavily wounded.
You hit Dowan.
You feel sick. You block Dowan's attack.
Duvessa hits you with a +0 short sword!
Unknown command.
You hit Duvessa but do no damage.
Duvessa is heavily wounded.
You barely miss Dowan.
You feel sick. Dowan hits you but does no damage.
You are more poisoned.
Duvessa hits you but does no damage.
Unknown command.
You barely miss Duvessa.
Duvessa is heavily wounded.
You closely miss Dowan.
You feel very sick. Dowan hits you but does no damage.
Duvessa hits you with a +0 short sword.
* * * LOW HITPOINT WARNING * * *
Unknown command.
You feel very mighty all of a sudden.
You feel very sick. Dowan casts a spell at you. The puff of frost hits you!
* * * LOW HITPOINT WARNING * * *
Duvessa hits you with a +0 short sword.
* * * LOW HITPOINT WARNING * * *
You slash Duvessa!
Duvessa is almost dead.
You closely miss Dowan.
You die...

#).....#...###........
####<####...............
#........###...........
........##..............
##......##..............
........................
.#.....<...##...........
........................
........##...!..@e......
........##.......e......
..........(......... ##
###........?.....
##.......<.....
.....!.........
##.....#........
#.$#..#.###....


You could see Duvessa and Dowan.

Vanquished Creatures
  A black bear (D:3)
  2 ogres (D:5)
  A centaur (D:3)
  A phantom (D:3)
  A scorpion (D:4)
  A hound (D:4)
  A jelly (D:5)
  A scorpion zombie (D:3)
  An iguana (D:5)
  8 mummies (Ossuary)
  4 gnolls
  6 adders
  3 worms
  4 dart slugs
  An orc (D:3)
  4 bats
  9 endoplasms
  3 giant cockroaches
  4 gnoll zombies (Ossuary)
  6 goblins
  7 hobgoblins
  9 jackals
  5 kobolds
  2 quokkas
  6 ball pythons
  6 frilled lizards
  4 hobgoblin zombies (Ossuary)
  2 rats
103 creatures vanquished.

Notes
Turn   | Place    | Note
-------+----------+-------------------------------------------
     0 | D:1      | safid the Hill Orc Fighter began the quest for the Orb.
     0 | D:1      | Reached XP level 1. HP: 19/19 MP: 1/1
   238 | D:1      | Reached XP level 2. HP: 21/27 MP: 2/2
   239 | D:1      | Reached skill level 3 in Axes
   962 | D:2      | Reached XP level 3. HP: 30/33 MP: 3/3
  1513 | D:2      | Reached XP level 4. HP: 40/40 MP: 4/4
  1664 | D:2      | Reached skill level 4 in Axes
  1734 | D:2      | HP: 2/40 [poisoned by an adder]
  2475 | D:3      | Reached skill level 5 in Axes
  2475 | D:3      | Reached XP level 5. HP: 43/46 MP: 5/5
  2761 | D:3      | Found a faded altar of an unknown god.
  2765 | D:3      | Got Plato's Catalogue of Darkness
  2798 | D:3      | Noticed a phantom
  2808 | D:3      | Killed a phantom
  2809 | D:3      | Reached skill level 6 in Axes
  2889 | D:3      | Found an opulent altar of Gozag.
  2934 | D:3      | Noticed a centaur
  2943 | D:3      | Reached XP level 6. HP: 11/52 MP: 6/6
  2945 | D:3      | Reached skill level 7 in Axes
  3277 | D:3      | Noticed a black bear
  3287 | D:3      | Killed a black bear
  3288 | D:3      | Reached skill level 8 in Axes
  3775 | D:4      | Found a sand-covered staircase.
  3798 | D:4      | Reached XP level 7. HP: 54/59 MP: 7/7
  3934 | Ossuary  | Entered an ossuary
  3966 | Ossuary  | Reached skill level 9 in Axes
  5087 | D:5      | Entered Level 5 of the Dungeon
  5098 | D:5      | Reached skill level 10 in Axes
  5359 | D:5      | Reached XP level 8. HP: 29/66 MP: 8/8
  5366 | D:5      | Reached skill level 11 in Axes
  5646 | D:5      | Noticed Duvessa
  5646 | D:5      | Noticed Dowan
  5659 | D:5      | HP: 3/66 [Dowan/puff of frost (14)]
  5660 | D:5      | Succumbed to Dowan's poison

Illustrated notes

Levels and vault maps discovered:
D:1:      kennysheep_arrival_seaside, layout_rooms, kennysheep_nondescript,
          kennysheep_small_spiral, minmay_tromino_v4_c
D:2:      layout_basic
D:3:      minmay_angry_zag, layout_basic, nicolae_gozag_seed_capital,
          shapermc_ecumenical_altar_rom_forum, due_unseen_surprise
D:4:      layout_loops_ring, nicolae_ossuary_entry_false_entrances,
          minmay_vboxes
D:5:      layout_rooms, uniq_duvessa

Skill      XL: |  1  2  3  4  5  6  7  8 |
---------------+-------------------------+-----
Axes           | 3 5 6 8 10 11 | 11.0
Fighting       | 4 |  4.0
Armour         | 4 |  4.0
Shields        | 4 |  4.0

Action                   |  1- 3 |  4- 6 |  7- 9 || total
-------------------------+-------+-------+-------++-------
Melee: War axe           |    86 |   133 |   115 ||   334
  Use: Potion            |       |       |     1 ||     1
Armor: Chain mail        |    56 |    89 |    37 ||   182
Dodge: Dodged            |    46 |    55 |    36 ||   137
Block: Buckler           |    16 |    31 |    18 ||    65
